 Dungeon Sprint DCSS version 0.18.1-50-g88ac8fd (webtiles) character file.

10 saintsgambit the Covered (level 2, 0/28 HPs)
             Began as a Minotaur Fighter on Sept 24, 2016.
             Was an Initiate of the Shining One.
             Slain by a worker ant (5 damage)
             ... in the Dungeon (Sprint VII: "The Pits").
             The game lasted 00:00:28 (69 turns).

saintsgambit the Covered (Minotaur Fighter)           Turns: 69, Time: 00:00:29

Health: 0/28       AC:  7    Str: 20    XL:     2   Next: 10%
Magic:  1/1        EV:  7    Int:  5    God:    the Shining One [......]
Gold:   0          SH:  9    Dex:  9    Spells: 0 memorised, 1 level left

rFire  . . .     SeeInvis .     a - +0 war axe
rCold  . . .     Gourm    .     b - +0 scale mail
rNeg   . . .     Faith    .     c - +0 shield
rPois  .         Spirit   .     (helmet restricted)
rElec  .         Dismiss  .     (no cloak)
rCorr  .         Reflect  .     (no gloves)
SustAt .         Harm     .     (no boots)
MR     .....     NoTele   +     (no amulet)
Stlth  ..........               (no ring)
                                (no ring)

@: lethally poisoned (0 -> -5), glowing, not resistant to hostile enchantments,
extremely unstealthy
A: retaliatory headbutt, horns 2
a: Renounce Religion


You were in the Dungeon.
You worshipped the Shining One.
The Shining One was noncommittal.
You were not hungry.

You visited 1 branch

Inventory:

Hand Weapons
 a - a +0 war axe (weapon)
Armour
 b - a +0 scale mail (worn)
 c - a +0 shield (worn)
Scrolls
 k - a scroll of blinking
Potions
 d - a potion of might
 e - a potion of curing
 g - a potion of heal wounds
 h - a potion of haste
 i - 4 potions of magic
 j - 3 potions of berserk rage
 n - 2 potions of invisibility
Comestibles
 f - 8 bread rations
 l - 40 fruits
 m - 7 meat rations


   Skills:
 + Level 4.3 Fighting
 + Level 2.6 Axes
 + Level 4.8 Armour
 + Level 4.7 Shields


You had one spell level left.
You didn't know any spells.

Dungeon Overview and Level Annotations

Branches:
Dungeon (1/1)

Altars:
Ashenzari
Cheibriados
Dithmenos
Elyvilon
Fedhas
Kikubaaqudgha
Makhleb
Nemelex Xobeh
Okawaru
Pakellas
Ru
Sif Muna
Trog
Vehumet
Xom
Yredelemnul
Zin
The Shining One
Beogh
Jiyva
Lugonu


Innate Abilities, Weirdness & Mutations

You reflexively headbutt those who attack you in melee.
You have a pair of horns on your head.


Message History

The worker ant waves its antennae.
The worker ant bites you. You block the worker ant's attack.
Your shield and scale mail prevent you from hitting the worker ant.
The worker ant is almost dead.
The worker ant waves its antennae.
The worker ant bites you.
* * * LOW HITPOINT WARNING * * *
You are lethally poisoned!
The worker ant poisons you!
You closely miss the worker ant.
The worker ant is almost dead.
* * * LOW HITPOINT WARNING * * *
You feel sick.
The worker ant bites you but does no damage.
You block the worker ant's attack.
You closely miss the worker ant.
The worker ant is almost dead.
* * * LOW HITPOINT WARNING * * *
You feel sick. The worker ant bites you.
You die...

############
#__________#
#__________#
#_#####'##############++
#)))'.'..##...........
#)))#.#?(##......#..#
#######'#####..........
#......@...)'...........
#+#####a#####......#..#.
... #........... #####
####'#####+ #.......#
#.......# #.......#
#...<...# #.......#


You could see a worker ant.

Vanquished Creatures
  A gnoll (D)
1 creature vanquished.

Notes
Turn   | Place    | Note
--------------------------------------------------------------
     0 | D        | saintsgambit the Minotaur Fighter began the quest for the Orb.
     0 | D        | Reached XP level 1. HP: 19/19 MP: 0/0
    18 | D        | Reached XP level 2. HP: 10/28 MP: 1/1
    30 | D        | Found a sacrificial altar of Ru.
    30 | D        | Found a basalt altar of Yredelemnul.
    30 | D        | Found a shadowy altar of Dithmenos.
    30 | D        | Found a deep blue altar of Sif Muna.
    30 | D        | Found a burning altar of Makhleb.
    30 | D        | Found a shimmering altar of Xom.
    30 | D        | Found an ancient bone altar of Kikubaaqudgha.
    30 | D        | Found a sparkling altar of Nemelex Xobeh.
    31 | D        | Found a glowing golden altar of the Shining One.
    31 | D        | Found a glowing silver altar of Zin.
    45 | D        | Found a bloodstained altar of Trog.
    45 | D        | Found a corrupted altar of Lugonu.
    45 | D        | Found a viscous altar of Jiyva.
    53 | D        | Found a shattered altar of Ashenzari.
    53 | D        | Found a white marble altar of Elyvilon.
    53 | D        | Found a snail-covered altar of Cheibriados.
    53 | D        | Found a blossoming altar of Fedhas.
    53 | D        | Found a radiant altar of Vehumet.
    53 | D        | Found a roughly hewn altar of Beogh.
    53 | D        | Found an iron altar of Okawaru.
    54 | D        | Found an oddly glowing altar of Pakellas.
    57 | D        | Became a worshipper of the Shining One
    69 | D        | Slain by a worker ant

Skill      XL: |  1 |
---------------+----+-----
Fighting       | 4 |  4.3
Armour         | 4 |  4.8
Shields        | 4 |  4.7
Axes           | |  2.6

Action                   || total
-------------------------++-------
Melee: War axe           ||    14
       Headbutt          ||     3
Armor: Scale mail        ||     4
Dodge: Dodged            ||     2
Block: Shield            ||     7
